 Dungeon Crawl Stone Soup version 0.24-b1-44-g37ad8b309f (webtiles) character file.

Game seed: 9776151113497512176, levelgen mode: deterministic

3843 Emblim88 the Ruffian (level 9, -1/80 HPs)
             Began as a Troll Monk on Oct 24, 2019.
             Was a High Priest of Ru.
             Slain by a killer bee (9 damage)
             ... on level 7 of the Dungeon.
             The game lasted 00:18:35 (5237 turns).

Emblim88 the Ruffian (Troll Monk)                   Turns: 5237, Time: 00:18:37

Health: -1/80      AC: -8    Str: 22    XL:     9   Next: 98%
Magic:  11/11      EV: 12    Int:  8    God:    Ru [*****.]
Gold:   373        SH:  0    Dex: 14    Spells: 8/8 levels left

rFire    x x .     SeeInvis .     - Unarmed
rCold    . . .     Gourm    +   (shield unavailable)
rNeg     . . .     Faith    .   a - +0 robe
rPois    .         Spirit   .   (helmet restricted)
rElec    .         Reflect  .   g - +1 cloak
rCorr    .         Harm     .   (gloves unavailable)
MR       .....                  (boots unavailable)
Stlth    ..........             p - amulet of the acrobat
HPRegen  0.63/turn              (ring unavailable)
MPRegen  0.12/turn              o - ring of ice

@: lethally poisoned (-1 -> -2), exhausted, corroded, heavily drained
A: large, unfitting armour, claws 3, clever 1, fast metabolism 3, frail 1,
gourmand, regeneration 1, shaggy fur 1, tough skin 3, evolution 1, missing a
hand, no stealth, temperature sensitive
a: Draw Out Power, Power Leap, Apocalypse, Renounce Religion


You were on level 7 of the Dungeon.
You worshipped Ru.
Ru was extremely pleased with you.
You were not hungry.

You visited 2 branches of the dungeon, and saw 9 of its levels.

You collected 373 gold pieces.

Inventory:

Hand Weapons
 t - a +2 shortbow of flaming
Missiles
 r - 3 atropa-tipped darts (quivered)
 u - 90 arrows
Armour
 a - a +0 robe (worn)
 g - a +1 cloak (worn)
Jewellery
 j - a +3 ring of intelligence
 o - a ring of ice (right claw)
 p - an amulet of the acrobat (around neck)
Wands
 e - a wand of scattershot (2)
 n - a wand of flame (14)
Scrolls
 d - a scroll of enchant armour
 f - a scroll of identify
 h - 4 scrolls of teleportation
 i - a scroll of enchant weapon
 m - 4 scrolls of amnesia
 q - a scroll of blinking {unknown}
 s - a scroll of holy word
 v - a scroll of magic mapping
Potions
 c - a potion of berserk rage {unknown}
 k - 2 potions of haste
 l - a potion of agility
Comestibles
 b - 12 rations


   Skills:
 + Level 6.2(4.7) Fighting
 - Level 4.2(2.7) Throwing
 + Level 6.3(4.7) Dodging
 + Level 7.6(5.9) Unarmed Combat
 * Level 4.5(3.0) Evocations


You had 8 spell levels left.
You didn't know any spells.
Your spell library was empty.

Dungeon Overview and Level Annotations

Branches:
Dungeon (8/15)             Temple (1/1) D:6
   Lair: D:8-11

Altars:
Ashenzari
Cheibriados
Dithmenos
Elyvilon
Fedhas
Gozag
Hepliaklqana
Kikubaaqudgha
Makhleb
Nemelex Xobeh
Okawaru
Qazlal
Ru
Sif Muna
Trog
Uskayaw
Vehumet
Xom
Yredelemnul
Zin
The Shining One


Innate Abilities, Weirdness & Mutations

You are too large for most types of armour.
You have claws for hands.
Your metabolism is lightning-fast.
You like to eat raw meat.
Your natural rate of healing is unusually fast.
You are covered in fur. (AC +1)
You have extremely tough skin. (AC +3)
You are missing a hand.
You cannot be stealthy.
You are sensitive to extremes of temperature. (rF-, rC-)
Your mind is acute. (Int +2)
You are frail. (-10% HP)
You evolve.


Message History

You scratch the killer bee but do no damage.
The killer bee is almost dead.
You feel sick. The killer bee closely misses you. The bullfrog misses you.
The killer bee barely misses you.
You closely miss the killer bee.
The killer bee is almost dead.
You feel sick. The bullfrog closely misses you. The jelly hits you.
* * * LOW HITPOINT WARNING * * *
The acid corrodes you!
You are splashed with acid!
* * * LOW HITPOINT WARNING * * *
You focus your will and slow the jelly in retribution!
The killer bee closely misses you. The bullfrog hits you.
* * * LOW HITPOINT WARNING * * *
You barely miss the killer bee.
The killer bee is almost dead.
The killer bee is no longer moving slowly.
The bullfrog hits you.
* * * LOW HITPOINT WARNING * * *
The killer bee stings you!
You die...

##### #...##
###..# ##.#
####### #.#
####(..).## #.#
##...###...## #.#
##### ###..###
##.#.####
#.###...####Jy.##
#.#....#
#...........F@##
#####...#
##..=..#########
##.# ##.##
##.....## ##.##
#.# #.###[.#
###.## ### ###
#..## ##...# #.#
#...## #...## #)#
##...#### #...#
#.# #......##
##..# #.##
##.......# ##.##
##.##


You could see a bullfrog (blind), a jelly and a killer bee.

Vanquished Creatures
  Pikel (D:7)
  Joseph (D:7)
  Prince Ribbit (D:6)
  A hungry ghost (D:7)
  Menkaure (D:7)
  Duvessa (D:5)
  A water moccasin (D:7)
  A sky beast (D:7)
  2 ice beasts (D:6)
  2 slaves (D:7)
  A black bear (D:5)
  3 ogres
  A phantom (D:6)
  A centaur (D:3)
  2 bullfrogs
  Dowan (D:5)
  A water moccasin zombie (D:5)
  A water moccasin skeleton (D:8)
  6 killer bees (D:8)
  6 howler monkeys
  2 crimson imps
  A bullfrog zombie (D:5)
  A hound (D:2)
  2 jellies
  2 orc priests
  2 centaur skeletons
  An iguana (D:6)
  3 worker ants
  8 orc wizards
  A worker ant zombie (D:6)
  7 adders
  7 gnolls
  An ooze (D:1)
  An adder zombie (D:5)
  An adder skeleton (D:5)
  3 worms
  2 dart slugs
  4 leopard geckos
  21 orcs
  3 ball pythons
  8 bats
  6 giant cockroaches
  8 goblins
  3 hobgoblins
  2 quokkas
  2 frilled lizards
  4 kobolds
  A quokka zombie (D:7)
  4 rats
146 creatures vanquished.

Notes
Turn   | Place    | Note
-------+----------+-------------------------------------------
     0 | D:1      | Emblim88 the Troll Monk began the quest for the Orb.
     0 | D:1      | Reached XP level 1. HP: 22/22 MP: 0/0
   147 | D:1      | Reached XP level 2. HP: 29/29 MP: 1/1
   591 | D:1      | Reached XP level 3. HP: 36/36 MP: 2/2
   680 | D:2      | Found a burning altar of Makhleb.
   759 | D:2      | Found a sacrificial altar of Ru.
   777 | D:2      | Reached XP level 4. HP: 45/45 MP: 3/3
   792 | D:2      | Became a worshipper of Ru the Awakened
   818 | D:2      | Gained mutation: You are sensitive to extremes of
                  | temperature. (rF-, rC-) [Ru sacrifice]
   818 | D:2      | Reached * piety under Ru
   818 | D:2      | Reached ** piety under Ru
  1051 | D:2      | Found a sparkling altar of Nemelex Xobeh.
  1153 | D:3      | Reached skill level 4 in Unarmed Combat
  1163 | D:3      | Reached XP level 5. HP: 31/53 MP: 4/4
  1292 | D:3      | Noticed an ogre
  1303 | D:3      | Killed an ogre
  1303 | D:3      | Reached skill level 1 in Throwing
  1408 | D:3      | Reached XP level 6. HP: 57/62 MP: 5/5
  2053 | D:3      | Gained mutation: Your mind is acute. (Int +2) [potion of
                  | mutation]
  2053 | D:3      | Gained mutation: You evolve. [potion of mutation]
  2053 | D:3      | Gained mutation: You are partially covered in molten
                  | scales. (AC +2) [potion of mutation]
  2238 | D:4      | Found a glowing golden altar of the Shining One.
  2330 | D:4      | Reached XP level 7. HP: 64/70 MP: 6/6
  2601 | D:4      | Lost mutation: You are partially covered in molten scales.
                  | (AC +2) [evolution]
  2615 | D:5      | Entered Level 5 of the Dungeon
  2616 | D:5      | Reached skill level 5 in Unarmed Combat
  2633 | D:5      | Noticed Dowan
  2638 | D:5      | Noticed Duvessa
  2654 | D:5      | Killed Duvessa
  2655 | D:5      | Killed Dowan
  2672 | D:5      | Found an iron altar of Okawaru.
  2861 | D:5      | Reached XP level 8. HP: 66/79 MP: 7/7
  2868 | D:5      | Found a radiant altar of Vehumet.
  2893 | D:5      | Gained mutation: You cannot be stealthy. [Ru sacrifice]
  2893 | D:5      | Reached *** piety under Ru
  3357 | D:6      | Noticed Prince Ribbit
  3403 | D:6      | Found a staircase to the Ecumenical Temple.
  3405 | D:6      | Killed Prince Ribbit
  3405 | D:6      | Reached skill level 5 in Fighting
  3405 | D:6      | Reached skill level 5 in Dodging
  3405 | D:6      | Reached skill level 6 in Unarmed Combat
  3425 | Temple   | Entered the Ecumenical Temple
  3552 | D:6      | Found a shimmering blue altar of Sif Muna.
  3631 | D:6      | Gained mutation: You are frail. (-10% HP) [evolution]
  3645 | D:6      | Found a white marble altar of Elyvilon.
  3645 | D:6      | Found a snail-covered altar of Cheibriados.
  3645 | D:6      | Found a stormy altar of Qazlal.
  3646 | D:6      | Found a basalt altar of Yredelemnul.
  3649 | D:6      | Found an opulent altar of Gozag.
  3726 | D:6      | Reached skill level 1 in Evocations
  4286 | D:7      | Noticed Joseph
  4295 | D:7      | Killed Joseph
  4295 | D:7      | Reached XP level 9. HP: 37/79 MP: 9/9
  4538 | D:7      | Noticed Pikel
  4563 | D:7      | Killed Pikel
  4563 | D:7      | Reached skill level 7 in Unarmed Combat
  4671 | D:7      | Noticed Menkaure
  4679 | D:7      | Killed Menkaure
  5141 | D:7      | Gained mutation: You are missing a hand. [Ru sacrifice]
  5141 | D:7      | Reached **** piety under Ru
  5141 | D:7      | Reached ***** piety under Ru
  5157 | D:8      | Found a shimmering altar of Xom.
  5237 | D:7      | Slain by a killer bee

Skill      XL: |  1  2  3  4  5  6  7  8  9 |
---------------+----------------------------+-----
Fighting       | 3 4 5 6 |  6.2
Dodging        | 3 4 5 6 |  6.3
Unarmed Combat | 4 5 6 7 |  7.6
Throwing       | 1 2 3 4 |  4.2
Stealth        | 0 |  0.0
Evocations     | 2 4 |  4.5

Action                   |  1- 3 |  4- 6 |  7- 9 || total
-------------------------+-------+-------+-------++-------
Melee: Unarmed           |    71 |   116 |   284 ||   471
       Punch             |       |     1 |     7 ||     8
Throw: Dart              |       |     4 |       ||     4
Invok: Sacrifice Resista |       |     1 |       ||     1
       Sacrifice Stealth |       |       |     1 ||     1
       Draw Out Power    |       |       |     1 ||     1
       Apocalypse        |       |       |     1 ||     1
       Sacrifice a Hand  |       |       |     1 ||     1
Evoke: Wand              |       |       |     2 ||     2
  Use: Scroll            |       |     7 |     7 ||    14
       Potion            |       |     4 |     3 ||     7
 Stab: Sleeping          |     1 |     3 |     1 ||     5
       Invisible         |       |     2 |       ||     2
       Distracted        |       |       |     1 ||     1
  Eat: Chunk             |     6 |    14 |    23 ||    43
       Ration            |       |       |     2 ||     2
Armor: Robe              |    38 |    29 |    77 ||   144
Dodge: Dodged            |    42 |    74 |   178 ||   294
